 Dungeon Crawl Stone Soup version 0.31-a0-187-gba352fbbf7 (webtiles) character file.

Game seed: 6208278702403377660

126 innerfire43 the Trooper (level 4, -16/33 HPs)
             Began as a Demonspawn Monk on June 22, 2023.
             Was a Priest of Hepliaklqana.
             Demolished by an ogre
             ... wielding a +0 giant club
              (28 damage)
             ... on level 3 of the Dungeon.
             The game lasted 00:03:30 (1413 turns).

innerfire43 the Trooper (Demonspawn Monk)           Turns: 1413, Time: 00:03:31

Health: -16/33     AC:  3    Str: 19    XL:     4   Next: 83%
Magic:  4/4        EV: 15    Int: 12    God:    Hepliaklqana [***...]
Gold:   78         SH:  0    Dex: 15    Spells: 3/3 levels left

rFire   . .          .
                       - Unarmed
rCold   . . .        (no shield)
rNeg    . . .        b - +0 robe
rPois   .            (no helmet)
rElec   .            (no cloak)
rCorr   .            h - +0 pair of gloves
SInv    .            (no boots)
Will    .....        (no amulet)
Stlth   +            l - +6 ring of strength
HPRegen 0.25/turn    (no ring)
MPRegen 0.09/turn

%: no passive effects
@: no status effects
A: reduced essence, repulsion field 1, demonic touch 1
a: Renounce Religion, Recall Ancestor, Ancestor Identity, Transference


You were on level 3 of the Dungeon.
You worshipped Hepliaklqana.
Hepliaklqana was most pleased with you.
You visited 1 branch of the dungeon, and saw 3 of its levels.

You collected 78 gold pieces.

Inventory:

Hand Weapons
 a - a +0 hand axe
Armour
 b - a +0 robe (worn)
 d - an orb of light
 h - a +0 pair of gloves (worn)
Jewellery
 l - a +6 ring of strength (left hand)
Scrolls
 e - 2 scrolls of identify {unknown}
 g - a scroll of vulnerability {unknown}
 i - a scroll of brand weapon {unknown}
 k - 2 scrolls of teleportation {unknown}
 m - a scroll of revelation {unknown}
 o - a scroll of poison {unknown}
 p - a scroll of blinking {unknown}
 q - a scroll of enchant weapon {unknown}
Potions
 c - a potion of ambrosia
 f - 2 potions of might {unknown}
 j - a potion of degeneration {unknown}
 n - a potion of lignification {unknown}
 r - a potion of heal wounds {unknown}


   Skills:
 + Level 4.3 Fighting
 - Level 3.0 Axes
 - Level 2.9 Dodging
 * Level 2.4 Unarmed Combat


You had 3 spell levels left.
You didn't know any spells.
Your spell library was empty.

Dungeon Overview and Level Annotations

Branches:
Dungeon (3/15)

Altars:
Hepliaklqana


Innate Abilities, Weirdness & Mutations

Your life essence is reduced to manifest your ancestor. (-10% HP)
You are surrounded by a mild repulsion field. (EV +2)
Your touch may inflict minor irresistible damage on your foes.


Message History

You hit the ball python.
You kill the ball python!
No target in view!
A quokka comes into view.
A quokka is nearby!
A quokka is nearby!
A quokka is nearby!
You closely miss the quokka.
You touch the quokka!
You kill the quokka!
You see here a quokka corpse.
r - a yellow potion No target in view!
An ogre and a rat come into view.
Found a stone staircase leading up.
The ogre shouts!
There are monsters nearby!
Found a stone staircase leading up.
There are monsters nearby!
Found a ring mail.
The ogre hits you with a +0 giant club!!
Ouch! That really hurt!
You are too injured to fight recklessly!
You are too injured to fight recklessly!
You swap places.
The ogre hits Oma with a +0 giant club!
Oma closely misses the ogre.
The rat bites Oma but does no damage.
The rat bites Oma but does no damage.
The ogre hits Oma but does no damage.
Oma hits the ogre with a +0 flail.
Oma blocks the rat's attack.
Oma hits the ogre with a +0 flail.
The rat barely misses Oma.
The ogre attacks as you move away! The ogre hits you with a +0 giant club.
You closely miss the ogre.
You touch the ogre!
The ogre is severely wounded.
The ogre barely misses you.
Oma hits the ogre with a +0 flail!
You hit the ogre but do no damage.
The ogre is almost dead.
The rat bites Oma but does no damage.
The ogre hits you with a +0 giant club!!
Ouch! That really hurt!
You die...

#........#####
#..#####.....#
#.## #.###..
###.# #......#
### #...#
...####.. #.#
#.### #.## ##.
##.# ###.# ...
.. ..###...#
..# .##
#.##.@### .#
.# # ##.##O##
#. # #..rR.# .
. #..#### #..#
#..#
#.....r..#
#......###
#[...<.


You could see the friendly Oma the knight, an ogre (ally target) and a rat.

Vanquished Creatures
  Natasha (D:2)
  A worm (D:2)
  An orc (D:3)
  A bat (D:1)
  4 endoplasms
  2 giant cockroaches (D:1)
  3 goblins (D:1)
  A hobgoblin (D:1)
  A jackal (D:2)
  A kobold (D:2)
  2 quokkas
  4 ball pythons
  A frilled lizard (D:2)
  4 rats
27 creatures vanquished.

Vanquished Creatures (collateral kills)
  Natasha (twice) (D:2)
  An adder (D:2)
  A worm (D:2)
  An endoplasm (D:2)
  3 jackals (D:2)
  2 ball pythons
  A rat (D:1)
11 creatures vanquished.

Grand Total: 38 creatures vanquished

Notes
Turn   | Place    | Note
-------+----------+-------------------------------------------
     0 | D:1      | innerfire43 the Demonspawn Monk began the quest for the
                  | Orb.
     0 | D:1      | Reached XP level 1. HP: 18/18 MP: 1/1
   170 | D:1      | Found a faded altar of an unknown god.
   189 | D:1      | Prayed at the altar of an unknown god.
   189 | D:1      | Became a worshipper of Hepliaklqana the Forgotten
   189 | D:1      | Reached * piety under Hepliaklqana
   189 | D:1      | Reached ** piety under Hepliaklqana
   190 | D:1      | Remembered your ancestor Oma as a knight
   202 | D:1      | Gained mutation: Your touch may inflict minor irresistible
                  | damage on your foes. [demonic ancestry]
   202 | D:1      | Reached XP level 2. HP: 21/21 MP: 2/2
   359 | D:1      | Reached *** piety under Hepliaklqana
   689 | D:2      | Reached XP level 3. HP: 20/26 MP: 3/3
   856 | D:2      | Reached skill level 1 in Unarmed Combat
   901 | D:2      | Noticed Natasha
   908 | D:2      | Killed Natasha
   911 | D:2      | Noticed Natasha
   920 | D:2      | Killed Natasha
   921 | D:2      | Reached skill level 4 in Fighting
   921 | D:2      | Gained mutation: You are surrounded by a mild repulsion
                  | field. (EV +2) [demonic ancestry]
   921 | D:2      | Reached XP level 4. HP: 22/33 MP: 4/4
   938 | D:2      | Noticed Natasha
   944 | D:2      | Killed Natasha
  1398 | D:3      | Noticed an ogre
  1413 | D:3      | Demolished by an ogre

Illustrated notes

Levels and vault maps discovered:
D:1:      spicycebolla_arrival_xxxplode, layout_basic, basic_ecumenical_altar,
          dreamdust_princess_corridor
D:2:      layout_rooms, uniq_natasha
D:3:      cheibrodos_old_hovel, layout_rooms

Skill      XL: |  1  2  3 |
---------------+----------+-----
Axes           | 3 |  3.0
Unarmed Combat | 2 |  2.4
Fighting       | 4 |  4.3
Dodging        | |  2.9

Action                     |  1- 3 |  4- 6 || total
---------------------------+-------+-------++-------
  Melee: Hand axe          |    32 |       ||    32
         Unarmed           |    58 |    15 ||    73
         Touch             |     8 |     3 ||    11
 Invoke: Ancestor Life: Kn |     1 |       ||     1
   Stab: Sleeping          |       |     1 ||     1
 Armour: Robe              |    20 |       ||    20
  Dodge: Dodged            |    76 |     7 ||    83

Table legend: (Time is in decaauts)
 A = Elapsed time spent in this place.
 B = Non-inter-level travel time spent in this place.
 C = Inter-level travel time spent in this place.
 D = Time resting spent in this place.
 E = Time spent auto-exploring this place.
 F = Levels seen in this place.
 G = Mean time per level.
                   A        B        C        D        E       F      G
               +--------+--------+--------+--------+--------+-----+--------+
         Total |   1415 |   1415 |      0 |      0 |    980 |   3 |  471.7 |
       Dungeon |   1415 |   1415 |      0 |      0 |    980 |   3 |  471.7 |
               +--------+--------+--------+--------+--------+-----+--------+

Top non-repeatable levels by time:
     D:1: 679 daAuts
     D:2: 634 daAuts
     D:3: 101 daAuts
